Cogmind - Beta 13 @@@ ROGUE MODE // 2024.03.31 @ 12:48:13 Player: Tech Result: Destroyed by G-34 Mercenary with Small Laser Performance ------------- Evolutions (0) 0 Regions Visited (1) 200 Robots Destroyed (3) 15 Value Destroyed (102) 102 Prototype IDs (0) 0 Alien Tech Used (0) 0 Bonus (0) 0 TOTAL SCORE: 317 Bonus ------- None Cogmind --------- Core Integrity 0/250 Matter 271/400 Energy 114/125 System Corruption 0% Temperature Warm (138) Movement Walking (120) Location -10/Materials Parts ------- > --- POWER (1) -------- Light Ion Engine > --- PROPULSION (2) --- Aluminum Leg > --- UTILITY (2) ------ Medium Matter Pod > --- WEAPON (2) ------- (None) > --- INVENTORY (5) ---- Light Ion Engine Aluminum Leg Peak State ------------ > --- POWER ------------ Ion Engine > --- PROPULSION ------- Wheel Wheel > --- UTILITY ---------- Heat Sink Light Armor Plating > --- WEAPON ----------- EM Pulse Gun Assault Rifle > --- INVENTORY -------- Light Ion Engine Light Ion Engine Aluminum Leg Aluminum Leg Light Assault Rifle [Rating: 7] Favorites ----------- Power Light Ion Engine Engine Light Ion Engine Propulsion Wheel Leg Aluminum Leg Wheel Wheel Utility Heat Sink Device Heat Sink Storage Medium Matter Pod Protection Light Armor Plating Weapon Assault Rifle Energy Gun EM Pulse Gun Ballistic Gun Assault Rifle Special Weapon Mining Laser Build | -11 -10 ------- Run | Yrd Mat Slots Evolved . | . . Power . | . . Propulsion . | . . Utility . | . . Weapon . | . . Parts Attached 17 | 9 8 Power 3 | 1 2 Engine 3 | 1 2 Core . | . . Reactor . | . . Propulsion 5 | 4 1 Treads . | . . Leg 2 | 1 1 Wheel 3 | 3 . Hover . | . . Flight . | . . Utility 3 | 1 2 Device 1 | 1 . Storage 1 | . 1 Processor . | . . Hackware . | . . Protection 1 | . 1 Artifact . | . . Weapon 6 | 3 3 Energy Gun 1 | . 1 Energy Cannon . | . . Ballistic Gun 4 | 3 1 Ballistic Cannon . | . . Launcher . | . . Special Weapon 1 | . 1 Impact Weapon . | . . Slashing Weapon . | . . Piercing Weapon . | . . Special Melee Weapon . | . . Unidentified Prototypes . | . . Parts Lost 9 | . 9 Power 1 | . 1 Propulsion 2 | . 2 Utility 2 | . 2 Weapon 4 | . 4 Highest Loss Streak 9 | . 9 To Critical Strikes . | . . Average Slot Usage (%) 83 | . 83 Engine 14 | . 14 Wheel 24 | . 24 Device 11 | . 11 Storage 1 | . 1 Protection 4 | . 4 Energy Gun 6 | . 6 Ballistic Gun 18 | . 18 Naked Turns . | . . Heaviest Build 13 | 7 13 Greatest Support 20 | 20 20 Greatest Overweight (x) 3 | . 3 Average Overweight (x) . | . . Largest Inventory Capacity 5 | 5 5 Average Capacity 5 | 5 5 Most Carried 5 | 4 5 Average Carried 3 | 1 4 Final Capacity 5 | 5 5 Final Carried 4 | 4 2 Class Distribution -------------------- 100% | Mutant Dominant Class ---------------- Mutant | -10/Materials Resources | -11 -10 ----------- Run | Yrd Mat Matter Collected 335 | 296 39 Remotely . | . . Salvage Created 99 | 48 51 Parts 7 | 2 5 Haulers Intercepted . | . . Recyclers Shooed . | . . Parts Field Recycled . | . . Retrieved Matter . | . . Parts Self-Destructed . | . . Prevented . | . . Kills | -11 -10 ------- Run | Yrd Mat Combat Hostiles Destroyed 3 | 1 2 Guns 2 | 1 1 Cannons 1 | . 1 Classes Destroyed 1 | 1 . Grunt 3 | 1 2 Best Kill Streak 1 | 1 1 Combat Bots Only 1 | 1 1 Max Kills in Single Turn 1 | 1 1 Gunslinging . | . . Exploded . | . . Melee . | . . Uniques/NPCs Destroyed . | . . Combat | -11 -10 -------- Run | Yrd Mat Hostile Shots Fired 104 | 5 99 Missed 37 | . 37 Damage Taken 862 | 57 805 Core 255 | . 255 Absorbed by Shields . | . . Core Remaining (%) 100 | 100 . Volleys Fired 16 | 4 12 Largest 2 | 2 2 Hottest 100 | 40 100 Shots Fired 27 | 8 19 Gun 25 | 8 17 Cannon . | . . Launcher . | . . Special 2 | . 2 Kinetic 21 | 8 13 Thermal 2 | . 2 Explosive . | . . Electromagnetic 4 | . 4 Robot Hit Streak 4 | 1 4 Robot Miss Streak 2 | 2 1 Penetration Max . | . . Secondary Targets . | . . Shots Hit Robots 16 | 3 13 Core Hits 7 | 2 5 Critical Kills . | . . Critical Parts Destroyed . | . . Critical Strikes . | . . Melee Attacks . | . . Impact . | . . Slashing . | . . Piercing . | . . Sneak Attacks . | . . Combat Hostiles . | . . Follow-up Attacks . | . . Damage Inflicted 212 | 31 181 Guns 185 | 31 154 Cannons . | . . Explosions . | . . Melee . | . . Ramming 3 | . 3 Kinetic 130 | 31 99 Thermal 24 | . 24 Explosive . | . . Electromagnetic 55 | . 55 Impact . | . . Slashing . | . . Piercing . | . . Highest Corruption . | . . Average Corruption . | . . Corruption Purged . | . . Corruption Blocked . | . . Overload Shots . | . . Overflow Damage . | . . Projectiles . | . . Explosions . | . . Melee . | . . Knockbacks . | . . Impact . | . . Kinetic . | . . Secondary . | . . Self-Inflicted Damage 1 | . 1 Shots . | . . Rammed 1 | . 1 Targets Rammed 1 | . 1 Kicked . | . . Crushed . | . . Highest Temperature 152 | 12 152 Average Temperature 32 | 7 37 Received Heat Transfer 492 | 30 462 Siege Activations . | . . Robots Corrupted . | . . Combat Hostiles . | . . Parts Fried . | . . Impact Corruptions . | . . Robots Melted . | . . Combat Hostiles . | . . Parts Melted . | . . Heat Transferred 50 | . 50 Parts Sabotaged . | . . Parts Stolen . | . . Parts Stripped . | . . Power Chain Reactions . | . . Alert | -11 -10 ------- Run | Yrd Mat Peak Influence 99 | 20 99 Initial 13 | . 13 Average 21 | 1 39 Maximum Alert Level . | . . Low Security (%) 100 | 100 100 Level 1 . | . . Level 2 . | . . Level 3 . | . . Level 4 . | . . Level 5 . | . . High Security . | . . Max Security . | . . Squads Dispatched 2 | . 2 Investigation 1 | . 1 Extermination . | . . Reinforcement 1 | . 1 Assault . | . . Garrison . | . . Intercept . | . . Searches Triggered . | . . Construction Impeded . | . . Haulers Reinforced . | . . Active Scanning Responses . | . . Cargo Convoy Interrupts . | . . Stealth | -11 -10 --------- Run | Yrd Mat Distress Signals 3 | . 3 Communications Jammed . | . . Distress Signals . | . . Times Spotted 15 | 1 14 Peak Tracking Total 11 | 1 11 Tactical Retreats 1 | . 1 Traps | -11 -10 ------- Run | Yrd Mat Traps Triggered . | . . Indirectly . | . . Trap Hack Attempts . | . . Triggered . | . . Disarmed . | . . Reprogrammed . | . . Reused . | . . Traps Extracted . | . . Installed . | . . Triggered . | . . Machines | -11 -10 ---------- Run | Yrd Mat Machines Disabled . | . . Max in Single Turn . | . . Machines Repaired . | . . Machines Dismantled . | . . Machines Sabotaged . | . . Overloaded Fab Kills . | . . Hacking | -11 -10 --------- Run | Yrd Mat Machines Accessed 2 | . 2 Terminals 2 | . 2 Fabricators . | . . Repair Stations . | . . Recycling Units . | . . Scanalyzers . | . . Garrison Access . | . . Total Hacks 7 | . 7 Successful 5 | . 5 Failed 2 | . 2 Catastrophic . | . . Database Lockouts . | . . Manual . | . . Terminals 7 | . 7 Fabricators . | . . Repair Stations . | . . Recycling Units . | . . Scanalyzers . | . . Garrison Access . | . . Terminal Hacks 5 | . 5 Record 5 | . 5 Fabricator Hacks . | . . Repair Station Hacks . | . . Recycling Unit Hacks . | . . Scanalyzer . | . . Garrison Access Hacks . | . . Unauthorized Hacks . | . . Terminals . | . . Fabricators . | . . Repair Stations . | . . Recycling Units . | . . Scanalyzers . | . . Garrison Access . | . . Data Cores Recovered . | . . Used . | . . Hacking Detections 2 | . 2 Full Trace Events 2 | . 2 Feedback Events . | . . Feedback Blocked . | . . Robot Schematics Acquired . | . . Robots Built . | . . Authchips . | . . Time . | . . Total Robot Build Rating . | . . Part Schematics Acquired . | . . Parts Built . | . . Authchips . | . . Time . | . . Total Part Build Rating . | . . Parts Repaired . | . . Time . | . . Parts Recycled . | . . Recycled Matter . | . . Retrieved Matter . | . . Retrieved Components . | . . Parts Scanalyzed . | . . Part Schematics Acquired . | . . Parts Damaged . | . . Bothacking | -11 -10 ------------ Run | Yrd Mat Used RIF Installer . | . . Robots Hacked . | . . Non-combat . | . . Combat . | . . Robot Hacks Applied . | . . Relay Couplers Released . | . . Fabnet Peak Effective % . | . . Robots Rewired . | . . Allies Hacked . | . . Hacks Repelled . | . . Allies | -11 -10 -------- Run | Yrd Mat Total Allies . | . . Largest Group . | . . Highest-Rated Group . | . . Highest-Rated Ally . | . . Total Orders . | . . Ally Attacks . | . . Total Damage . | . . Kills . | . . Allies Corrupted . | . . Allies Melted . | . . Intel | -11 -10 ------- Run | Yrd Mat Robot Analysis Total . | . . Derelict Logs Recovered . | . . Drone Launches . | . . Drone Recoveries . | . . Exploration | -11 -10 ------------- Run | Yrd Mat Turns Passed 391 | 187 204 Spaces Moved 389 | 195 194 Core 28 | 27 1 Treads . | . . Legs 25 | 25 . Wheels 336 | 143 193 Hover . | . . Flight . | . . Fastest Speed 50 | 50 80 Average Speed 80 | 80 80 Slowest Speed 200 | 120 200 Overloaded Moves . | . . Propulsion Burnouts . | . . Robots Hopped . | . . Cave-ins Triggered . | . . Exploration Rate (%) 16 | 6 26 Regions Visited 1 Branch Regions . Pre-discovered Areas . | . . Known Exits Taken . | . . Unknown Exits Taken 1 | 1 . Scrap Searched . | . . Spaces Dug . | . . Terrain Destroyed . | . . Melee . | . . Projectile . | . . AOE . | . . Terrain Rammed . | . . Walls Destroyed . | . . Machines Disabled . | . . Actions | -11 -10 --------- Run | Yrd Mat Total 432 | 213 219 Wait 1 | 1 . Move 388 | 194 194 Hop . | . . Pick Up 5 | 3 2 Fast Attach 10 | 7 3 Attach 5 | . 5 Detach 2 | 1 1 Swap 2 | 2 . Drop 2 | 1 1 Fire 16 | 4 12 Melee . | . . Ram 1 | . 1 Kick . | . . Crush . | . . Escape Stasis . | . . Rewire . | . . Trap . | . . Miscellaneous . | . . Route ------- -11/Scrapyard -10/Materials (discovered 1 exit: [*Min]) History --------- Turn | Location | Event 2 | -11/Scrapyard | Met Revision 17 159 | -11/Scrapyard | Discovered new exit (range 8) 188 | -11/Scrapyard | Entered Materials 313 | -10/Materials | Build established: Mutant 351 | -10/Materials | Discovered new exit (range 9) 383 | -10/Materials | Core integrity fell below 50% 389 | -10/Materials | Core integrity fell below 20% 392 | -10/Materials | Destroyed by G-34 Mercenary with Small Laser Last Messages --------------- EM Pulse Gun destroyed. Wheel destroyed. Heat Sink destroyed. R-06 Scavenger collects Aluminum Leg. Assault Rifle destroyed. Lgt. Armor Plating destroyed. R-06 Scavenger collects Aluminum Leg. R-06 Scavenger collects Ion Engine. G-47 Trooper destroyed. Acquired 39 matter. Acquired Med. Matter Pod. Machine disabled. W-16 Scout sends out distress signal. Ion Engine destroyed. Acquired Mining Laser. Lgt. Assault Rifle destroyed. Wheel destroyed. G-34 Mercenary destroyed. Mining Laser destroyed. [Achievement: First Step to Greatness] Map ----- +----------------------------------------------------+ | ?????????????????????????????????????????????????? | | ?????????????????????????????????????????????????? | | ?????????????????????????????????????????????????? | | ?????????????????????????????????????????????????? | | ?????????????????????????????????????????????????? | | ?????????????????????????????????????????????????? | | ?????????????????????????????????????????????????? | | ?????????????????????????????????????????????????? | | ?????????????????????????????????????????????????? | | ?????????????????????????????????????????????????? | | ?????????????????????????????????????????????????? | | ??????????????? ?????????????????????????????? | | ??????????????? ?????????????????????????????? | | ??????????????? ?????????????????????????????? | | ??????????????? ?????????????????????????????? | | ??????????????? ????#????????????????????????? | | ???????????????# #??? ?????????????????????????? | | ???????????????# #??T ?????????????????????????? | | ???????????????# #?? ??????????????????????????? | | ??#######+###### #? ???????????????????????????? | | ??? ## ???????????????????????????? | | ??? +????????????????????????????? | | ???? ##########???????????????????? | | ???? ##" """""#???????????????????? | | ????# ??? ##"g "#???????????????????? | | ????# #??????# ##=%!@ ##+######???????????? | | ????# #??????# gg ??????????? | | ????# #??????# *% g < ????????? | | ????# ######## g gu w ????????? | | ????# # # ## ##+####### ????????? | | ????# # # ##########? ???????????????? | | ????# # + #???????????""""?????????????? | | ????# / # #????????????"""?????????????? | | ????# # "T" # #????????????????????????????? | | ????# # """ # #????????????????????????????? | | ????# ######## #????????????????????????????? | | ????# # # #????????????????????????????? | | ##### # """ # +????????????????????????????? | | + """ # # ???????????????????????????? | | ## ##### # """ # # ???????????????????????????? | | ?# #???# # [# #?"??????????????????????????? | | ##+#???# ######## #?""?????????????????????????? | | #?###/######## #????????????????????????????? | | "" #?# ## #????????????????????????????? | | T" #?# == ## ####/#####???????????????????? | | #?# == # ""???????????????????? | | #?# == + "Y???????????????????? | | #?# # ????????????????? | | #?# ####### ????????????????? | | "" #?# #???????? """ ?????????????????? | +----------------------------------------------------+ Best States ------------- Heat Dissipation 35 Energy Generation 10 Energy Capacity 250 Matter Stores 290 Matter Capacity 400 Sight Range 16 Terrain Scan Density 10 Armor Coverage 150 Evasion (%) 50 Item Schematics ----------------- None Robot Schematics ------------------ None Fabricated ------------ Nothing Alien Tech Used ----------------- None Achievements -------------- First Step to Greatness One Hack Too Far Uninvited Guest Challenges ------------ None Game ------ Seed WardroneHardenedLaser Manual? 0 Play Time 00:26:35 Cumulative 0.4 hours Start 2024.03.31 @ 12:15:01 End 2024.03.31 @ 12:48:13 Sessions 1 Manual Loads 0 Difficulty Rogue Special Mode None Game No. 1 Rogue 1 Adventurer 0 Explorer 0 Win Type - Total 0 Types 0/0/0/0/0/0/0/0/0 Lore% 0 Gallery% 1 Achievement% 1 Wizard Run 0 Options --------- Layout 1 ASCII 0 Keyboard 0 Movement Vi Keybinds 0 Fullscreen 1 Font 32/SmallcapsGlow Map View 130x35 Zoom Use 0% Tactical HUD 0 Map Filters NONE Filters NONE Steam 1 RUN: 3afd6844-097f-4147-b299-a22acad22d74